 Dungeon Crawl Stone Soup version 0.16-a0-2970-ge3807df (webtiles) character file.

96 Kemay the Sneak (level 4, 0/23 HPs)
             Began as a Vine Stalker Assassin on Dec 5, 2014.
             Succumbed to an orc wizard's poison
             ... on level 3 of the Dungeon.
             The game lasted 00:08:06 (1943 turns).

Kemay the Sneak (Vine Stalker Assassin)             Turns: 1943, Time: 00:08:06

Health: 0/23       AC:  5    Str: 14    XL:     4   Next: 67%
Magic:  5/5        EV: 11    Int: 14    God:
Gold:   77         SH:  0    Dex: 16    Spells: 0 memorised, 3 levels left

rFire  . . .     SeeInvis .     a - +3 dagger
rCold  . . .     Clarity  .     c - +0 robe
rNeg   . . .     SustAb   +     (no shield)
rPois  .         Gourm    .     m - +0 helmet
rElec  .         Spirit   +     d - +0 cloak
rCorr  .         Warding  .     (no gloves)
rMut   .         Stasis   .     k - +0 pair of boots
MR     .....                    (no amulet)
Stlth  ++++......               l - ring of sustain abilities
                                j - +3 ring of intelligence

@: lethally poisoned, not resistant to hostile enchantments, stealthy
A: fangs 2, regeneration 1, magic shield, antimagic bite, no device heal 3, rot
immunity
a: no special abilities


You were on level 3 of the Dungeon.
You were not hungry.

You visited 1 branch of the dungeon, and saw 3 of its levels.

You collected 77 gold pieces.

Inventory:

Hand weapons
 a - a +3 dagger (weapon)
 b - a +0 blowgun
Missiles
 e - 10 poisoned needles
 f - 2 curare-tipped needles
Armour
 c - a +0 robe (worn)
 d - a +0 cloak (worn)
 k - a +0 pair of boots (worn)
 m - a +0 helmet (worn)
Jewellery
 j - a +3 ring of intelligence (left hand)
 l - a ring of sustain abilities (right hand)
Scrolls
 q - a scroll of teleportation
 t - a scroll of amnesia {unknown}
Potions
 p - a potion of agility
 r - 2 potions of cure mutation {unknown}
 s - a potion of heal wounds {unknown}
Comestibles
 g - 3 bread rations
 h - a beef jerky
 i - 4 chunks of flesh
 n - a meat ration
 u - a royal jelly


   Skills:
 - Level 1.7 Fighting
 - Level 1.7 Short Blades
 - Level 1.7 Throwing
 - Level 0.7 Dodging
 + Level 7.5 Stealth


You had 3 spell levels left.
You didn't know any spells.

Dungeon Overview and Level Annotations

Branches:
Dungeon (3/15)

Altars:


Innate Abilities, Weirdness & Mutations

You have extremely sharp teeth.
Your natural rate of healing is unusually fast.
When hurt, damage is shared between your health and your magic reserves.
Your bite disrupts and absorbs the magic of your enemies.
Potions and wands cannot restore your health.
You are immune to rotting.


Message History

You are more poisoned.
You completely miss the orc wizard. You bite the orc wizard.
The orc wizard's magic leaks into the air.
You drain its magic.
You feel invigorated.
The orc wizard is almost dead.
* * * LOW HITPOINT WARNING * * *
You feel sick.
The orc wizard falters for a moment.
Drink which item? (? for menu, Esc to quit)
You feel better.
The orc wizard hits you but does no damage.
You are lethally poisoned!
The orc wizard misses you.
You hit the orc wizard.
The orc wizard is almost dead.
* * * LOW HITPOINT WARNING * * *
You feel sick.
The orc wizard hits you but does no damage.
You hit the orc wizard.
You kill the orc wizard!
You die...

#.#########.# #.#
#.############### #.#
#.#..............
#.#########.#.#############
#..)......#.#..............
#########.#.##############.
...#...................
#######.####.##############.
.........o).@.# ##
###.#...######
##.#####.#..## ...........##
##[#####.### #.....# #.###.#
#.#.#...## ........o.#


You could see an orc.

Vanquished Creatures
  An orc wizard (D:3)
  2 adders
  A worm (D:2)
  A giant gecko (D:2)
  An ooze (D:2)
  An orc (D:3)
  11 bats
  2 giant cockroaches
  A goblin (D:1)
  7 hobgoblins
  A quokka (D:2)
  A ball python (D:2)
  7 giant newts
  2 kobolds
  6 rats
45 creatures vanquished.

Notes
Turn   | Place    | Note
--------------------------------------------------------------
     0 | D:1      | Kemay, the Vine Stalker Assassin, began the quest for the Orb.
     0 | D:1      | Reached XP level 1. HP: 11/11 MP: 1/1
    88 | D:1      | Reached skill level 5 in Stealth
   135 | D:1      | Reached XP level 2. HP: 10/15 MP: 3/3
  1151 | D:2      | Reached skill level 6 in Stealth
  1151 | D:2      | Reached XP level 3. HP: 16/18 MP: 4/4
  1709 | D:2      | Reached XP level 4. HP: 19/23 MP: 5/5
  1786 | D:3      | Reached skill level 7 in Stealth
  1939 | D:3      | HP: 1/23 [poisoned by an orc wizard]
  1943 | D:3      | Succumbed to an orc wizard's poison

Action                   |  1- 3 |  4- 6 || total
-------------------------+-------+-------++-------
Melee: Dagger            |   110 |    34 ||   144
 Fire: Blowgun           |     7 |     5 ||    12
  Use: Scroll            |     6 |       ||     6
       Potion            |       |     1 ||     1
 Stab: Sleeping          |     9 |     1 ||    10
       Distracted        |     1 |       ||     1
  Eat: Chunk             |     2 |     1 ||     3
